 Dungeon Crawl Stone Soup version 0.20.0-15-g7f486f2 (webtiles) character file.

72 NoAnimeNoLife the Sneak (level 4, -3/21 HPs)
             Began as a Spriggan Enchanter on June 14, 2017.
             Slain by a gnoll
             ... wielding a +0 spear
              (8 damage)
             ... on level 2 of the Dungeon.
             The game lasted 00:02:31 (1182 turns).

NoAnimeNoLife the Sneak (Spriggan Enchanter)        Turns: 1182, Time: 00:02:32

Health: -3/21      AC:  2    Str:  4    XL:     4   Next: 6%
Magic:  3/9        EV: 18    Int: 16    God:
Gold:   93         SH:  0    Dex: 17    Spells: 2/8 levels left

rFire    . . .     SeeInvis +   g - +2 dagger (venom)
rCold    . . .     Gourm    .   (shield restricted)
rNeg     . . .     Faith    .   b - +0 robe
rPois    .         Spirit   .   (helmet restricted)
rElec    .         Reflect  .   (no cloak)
rCorr    .         Harm     .   (gloves unavailable)
MR       .....                  (boots unavailable)
Stlth    +++.......             (no amulet)
Regen    0.1/turn               (no ring)
MPRegen  0.2/turn               (no ring)

@: very quick
A: unfitting armour, see invisible, herbivore 3, speed 3, slow metabolism 2
a: no special abilities


You were on level 2 of the Dungeon.
You were not hungry.

You visited 1 branch of the dungeon, and saw 2 of its levels.

You collected 93 gold pieces.

Inventory:

Hand Weapons
 a - a +1 dagger
 g - a +2 dagger of venom (weapon)
Armour
 b - a +0 robe (worn)
Scrolls
 e - a scroll of magic mapping {unknown}
 f - a scroll of remove curse {unknown}
 h - 3 scrolls of identify {unknown}
 l - a scroll of recharging {unknown}
Potions
 i - 2 potions of might {unknown}
 j - a potion of agility {unknown}
 k - a potion of invisibility {unknown}
Books
 c - a book of Maledictions

   Spells                             Type                      Level
   a - Corona                         Hexes                        1
   b - Ensorcelled Hibernation        Hexes/Ice                    2
   c - Confuse                        Hexes                        3
   d - Tukima's Dance                 Hexes                        3
   e - Dazzling Spray                 Conjuration/Hexes            3
Comestibles
 d - a bread ration


   Skills:
 + Level 2.9 Short Blades
 - Level 3.0 Dodging
 + Level 6.4 Stealth
 - Level 2.6 Spellcasting
 - Level 3.6 Hexes


You had 2 spell levels left.
You knew the following spells:

 Your Spells              Type           Power        Failure   Level  Hunger
a - Corona                Hex            ##.....      4%          1    #......
b - Ensorcelled Hibernat  Hex/Ice        #.....       14%         2    ##.....
c - Confuse               Hex            ##......     13%         3    ###....


Dungeon Overview and Level Annotations

Branches:
Dungeon (2/15)

Altars:


Innate Abilities, Weirdness & Mutations

You are very small and have problems with some larger weapons.
You are too small for most types of armour.
You have supernaturally acute eyesight. (SInv)
You are a herbivore.
You cover ground extremely quickly.
You need consume almost no food.


Message History

Aim: a gnoll, wielding a vampiric spear (chance to defeat MR: 48%)
The gnoll looks drowsy...
The gnoll closely misses you.
The gnoll shouts!
Casting: Ensorcelled Hibernation
Confirm with . or Enter, or press ? or * to list all spells.
Aiming: Ensorcelled Hibernation
Press: ? - help, Shift-Dir - straight line, f - gnoll, p - gnoll
Aim: a gnoll, wielding a spear (heavily wounded, poisoned, chance to defeat MR: 48%)
The gnoll is unaffected.
The gnoll misses you.
The gnoll hits you from afar with a spear!
* * * LOW HITPOINT WARNING * * *
Casting: Ensorcelled Hibernation
Confirm with . or Enter, or press ? or * to list all spells.
Aiming: Ensorcelled Hibernation
Press: ? - help, Shift-Dir - straight line, f/p - gnoll
Aim: a gnoll, wielding a spear (heavily wounded, poisoned, chance to defeat MR: 48%)
The gnoll is unaffected.
The gnoll misses you.
The gnoll hits you from afar with a spear!
You die...

#.# #.......>..#..##..........
#.# #..#.......#..............
###.####..............#..........
......##......g...#..###.####...#
.##.#.#######.....#......# .....
.##>#># ##..g.....<..# ....<.
.##.#.# #######g######## ......
.##.#.#####.#####g# ......
.#....##........@.# ...#
......#..##.##.####
.......#.##.##.# .......##...##.#
.......#.#####.# #.....#..#####.#
##...###.......# ##### #########


You could see 2 gnolls.

Vanquished Creatures
  An adder (D:2)
  A gnoll (D:2)
  An ooze (D:1)
  A worm (D:2)
  2 dart slugs (D:1)
  A leopard gecko (D:1)
  A bat (D:2)
  A giant cockroach (D:1)
  3 goblins (D:1)
  4 hobgoblins
  10 jackals
  4 frilled lizards
  4 kobolds (D:1)
  7 rats
41 creatures vanquished.

Notes
Turn   | Place    | Note
-------+----------+-------------------------------------------
     0 | D:1      | NoAnimeNoLife the Spriggan Enchanter began the quest for the Orb.
     0 | D:1      | Reached XP level 1. HP: 9/9 MP: 5/5
   236 | D:1      | Reached skill level 5 in Stealth
   236 | D:1      | Reached XP level 2. HP: 8/13 MP: 4/6
   417 | D:1      | Reached XP level 3. HP: 8/16 MP: 6/8
   743 | D:2      | Reached skill level 6 in Stealth
  1017 | D:2      | Learned a level 2 spell: Ensorcelled Hibernation
  1021 | D:2      | Learned a level 3 spell: Confuse
  1137 | D:2      | Reached XP level 4. HP: 21/21 MP: 9/9
  1182 | D:2      | Slain by a gnoll

Skill      XL: |  1  2  3 |
---------------+----------+-----
Stealth        | 5 6 |  6.4
Short Blades   | 2 |  2.9
Dodging        | |  3.0
Spellcasting   | |  2.6
Hexes          | |  3.6

Action                   |  1- 3 |  4- 6 || total
-------------------------+-------+-------++-------
Melee: Dagger            |   112 |     2 ||   114
 Cast: Corona            |     8 |       ||     8
       Ensorcelled Hiber |       |     3 ||     3
  Use: Potion            |     1 |       ||     1
 Stab: Sleeping          |     6 |       ||     6
Armor: Robe              |     6 |       ||     6
Dodge: Dodged            |    67 |     6 ||    73
